 Dungeon Crawl Stone Soup version 0.20.1-1-g8b1a95d (webtiles) character file.

121 asishallab the Chopper (level 5, -2/41 HPs)
             Began as a Formicid Fighter on Nov 6, 2017.
             Slain by Sigmund
             ... wielding a +0 scythe
              (6 damage)
             ... on level 3 of the Dungeon.
             The game lasted 00:05:00 (2627 turns).

asishallab the Chopper (Formicid Fighter)           Turns: 2627, Time: 00:05:01

Health: -2/41      AC:  6    Str: 26    XL:     5   Next: 26%
Magic:  5/5        EV:  8    Int:  7    God:
Gold:   76         SH:  0    Dex: 11    Spells: 4/4 levels left

rFire    + . .     SeeInvis +   a - +0 war axe
rCold    + . .     Gourm    .   c - +0 shield
rNeg     . . .     Faith    .   b - +0 scale mail
rPois    +         Spirit   .   (helmet unavailable)
rElec    +         Reflect  .   (no cloak)
rCorr    +         Harm     .   (no gloves)
MR       .....                  (no boots)
Stlth    ..........             (no amulet)
Regen    0.2/turn               (no ring)
MPRegen  0.1/turn               (no ring)

@: confused, mighty, resistant, flying
A: permanent stasis, dig shafts and tunnels, four strong arms, antennae 3
a: Dig, Shaft Self


You were on level 3 of the Dungeon.
You were not hungry.

You visited 1 branch of the dungeon, and saw 3 of its levels.

You collected 76 gold pieces.

Inventory:

Hand Weapons
 a - a +0 war axe (weapon)
Missiles
 l - 79 stones (quivered)
Armour
 b - a +0 scale mail (worn)
 c - a +0 shield (worn)
Jewellery
 t - an uncursed amulet of faith {unknown}
Scrolls
 e - a scroll of enchant armour {unknown}
 i - 2 scrolls of blinking {unknown}
 k - a scroll of identify {unknown}
 m - a scroll of fog {unknown}
 p - a scroll of teleportation {unknown}
 s - a scroll of immolation {unknown}
Potions
 d - a potion of might
 r - a potion of berserk rage
Comestibles
 f - 3 bread rations
 g - 3 chunks of flesh
 h - a royal jelly
 j - a meat ration


   Skills:
 - Level 3.2 Fighting
 + Level 5.0 Axes
 - Level 3.2 Armour
 - Level 3.6 Shields


You had 4 spell levels left.
You didn't know any spells.

Dungeon Overview and Level Annotations

Branches:
Dungeon (3/15)

Altars:
Hepliaklqana
Makhleb
Ru
Sif Muna
Yredelemnul

Annotations:
D:3 Sigmund


Innate Abilities, Weirdness & Mutations

You cannot be hasted, slowed, berserked, paralysed or teleported.
You can dig through walls and to a lower floor.
Your four strong arms can wield two-handed weapons with a shield.
You have a pair of large antennae on your head. (SInv)


Message History

You hit Sigmund.
Sigmund is heavily wounded.
You block Sigmund's attack.
You slash Sigmund!
Sigmund is severely wounded.
You completely miss Sigmund.
Sigmund is severely wounded.
Sigmund barely misses you.
You hit Sigmund.
Sigmund is almost dead.
Sigmund gestures at you while chanting.
You are confused.
Sigmund points at you and mumbles some strange words.
The magic dart hits you!
* * * LOW HITPOINT WARNING * * *
Sigmund hits you with a scythe.
* * * LOW HITPOINT WARNING * * *
Sigmund barely misses you. Sigmund hits you with a scythe.
You die...

#. ..#....# #.
......# #.
≈≈≈#.....# #. ≈≈≈
.....# ##. ≈≈≈.
....# ##..
≈≈≈..#.#.# ####
#...
≈≈≈#.#.#.###..# #
#.#.
≈≈......@#....#..
...#.
.#.......@......#
#####.
........#$#..###
## ##..#.##..#..#
# #. #.##.#...##
### # #.........#
#.. #.........#
##.# ...|.......#
#..#
..#.........#
#.##


You could see Sigmund (invisible).

Vanquished Creatures
  6 adders (D:2)
  2 oozes
  3 worms
  A dart slug (D:1)
  A leopard gecko (D:3)
  2 giant cockroaches (D:2)
  6 goblins
  5 hobgoblins
  2 jackals (D:2)
  6 bats
  3 frilled lizards
  7 kobolds
  5 rats
49 creatures vanquished.

Notes
Turn   | Place    | Note
-------+----------+-------------------------------------------
     0 | D:1      | asishallab the Formicid Fighter began the quest for the Orb.
     0 | D:1      | Reached XP level 1. HP: 18/18 MP: 1/1
   277 | D:1      | Reached XP level 2. HP: 19/24 MP: 2/2
   293 | D:1      | Reached skill level 3 in Axes
   606 | D:1      | Reached XP level 3. HP: 29/29 MP: 3/3
  1319 | D:2      | Reached skill level 4 in Axes
  1319 | D:2      | Reached XP level 4. HP: 21/35 MP: 4/4
  2110 | D:2      | Found a burning altar of Makhleb.
  2113 | D:2      | Found a sacrificial altar of Ru.
  2113 | D:2      | Found a deep blue altar of Sif Muna.
  2124 | D:2      | Found a basalt altar of Yredelemnul.
  2128 | D:2      | Found a hazy altar of Hepliaklqana.
  2208 | D:2      | Reached XP level 5. HP: 41/41 MP: 5/5
  2435 | D:2      | Reached skill level 5 in Axes
  2599 | D:3      | Noticed Sigmund
  2627 | D:3      | Slain by Sigmund

Skill      XL: |  1  2  3  4  5 |
---------------+----------------+-----
Axes           | 3 4 5 |  5.0
Fighting       | |  3.2
Armour         | |  3.2
Shields        | |  3.6

Action                   |  1- 3 |  4- 6 || total
-------------------------+-------+-------++-------
Melee: War axe           |   111 |    82 ||   193
Throw: Stone             |     7 |       ||     7
  Use: Potion            |       |     5 ||     5
  Eat: Chunk             |       |     6 ||     6
Armor: Scale mail        |    68 |    37 ||   105
Dodge: Dodged            |    35 |    35 ||    70
Block: Shield            |    68 |    41 ||   109
